 Seeded DCSS version 0.29-a0-925-g0a7a3d12f8 (webtiles) character file.

Game seed: 1973 (custom seed)

46 Kazon the Trooper (level 3, -1/33 HPs)
             Began as a Hill Orc Fighter on July 28, 2022.
             Slain by a gnoll
             ... wielding a +0 spear
              (6 damage)
             ... on level 2 of the Dungeon.
             The game lasted 00:03:07 (961 turns).

Kazon the Trooper (Hill Orc Fighter)                 Turns: 961, Time: 00:03:09

Health: -1/33      AC:  7    Str: 18    XL:     3   Next: 66%
Magic:  3/3        EV:  9    Int:  8    God:
Gold:   80         SH:  4    Dex: 12    Spells: 2/2 levels left

rFire   . . .      SeeInvis .   a - +0 war axe
rCold   . . .      Faith    .   c - +0 buckler
rNeg    . . .      Spirit   .   b - +0 scale mail
rPois   .          Reflect  .   (no helmet)
rElec   .          Harm     .   (no cloak)
rCorr   .          Rampage  .   (no gloves)
Will    .....                   (no boots)
Stlth   ..........              (no amulet)
HPRegen 0.11/turn               (no ring)
MPRegen 0.08/turn               (no ring)

@: no status effects
A: no striking features
a: no special abilities


You were on level 2 of the Dungeon.
You visited 1 branch of the dungeon, and saw 2 of its levels.

You collected 80 gold pieces.

Inventory:

Hand Weapons
 a - a +0 war axe (weapon)
Missiles
 f - 3 throwing nets
 g - 6 stones (quivered)
 h - 2 poisoned darts
Armour
 b - a +0 scale mail (worn)
 c - a +0 buckler (worn)
Jewellery
 k - a ring of see invisible
Scrolls
 l - a scroll of magic mapping {unknown}
Potions
 d - a potion of might
 e - a potion of magic {unknown}
 i - 2 potions of curing
 j - a potion of mutation {unknown}


   Skills:
 + Level 3.9 Fighting
 + Level 3.6 Axes
 + Level 3.8 Armour
 + Level 0.3 Dodging
 + Level 3.7 Shields


You had 2 spell levels left.
You didn't know any spells.
Your spell library was empty.

Dungeon Overview and Level Annotations

Branches:
Dungeon (2/15)

Altars:


Message History

You kill the jackal!
There is an open door here.
Things that are here:
a +0 club; a +0 club
There is an escape hatch in the floor here.
You start resting.
HP restored.
You slide downwards.
The hatch slams shut behind you.
A giant cockroach comes into view.
You hit the giant cockroach.
You kill the giant cockroach!
You see here a giant cockroach corpse.
Found an escape hatch in the ceiling.
There is an escape hatch in the ceiling here.
A mysterious force pulls you upwards. The hatch slams shut behind you.
There is a stone staircase leading down here.
You climb downwards.
The gnoll shouts! x2
A dart slug comes into view.
There is a stone staircase leading up here.
The gnoll hits you but does no damage.
You barely miss the gnoll. The gnoll hits you with a +0 spear.
The dart slug launches a dart at you.
The slug dart hits you but does no damage.
The gnoll hits you with a +0 spear. The gnoll hits you but does no damage.
You hit the gnoll.
The gnoll is moderately wounded.
The gnoll barely misses you. x2
The gnoll hits you with a +0 spear. x2
You closely miss the gnoll. You hit the gnoll but do no damage.
You hit the dart slug. You block the gnoll's attack.
The gnoll hits you but does no damage. The dart slug bites you.
You hit the gnoll.
The gnoll is heavily wounded.
You slash the dart slug!
You kill the dart slug!
You hit the gnoll. The gnoll hits you with a +0 spear. x2
* * * LOW HITPOINT WARNING * * *
The gnoll hits you with a +0 spear.
You die...

.## ..... #
..... ... .....
#. #.#.#
##.###.....
#.##....
#..........
....#.# ##
#.....[. #
#....##.##
##.######
#.##....... #.g#
#.....g.# #..#
###g@.### #..#
#....<..#####..#
#..........)(..#
#.......#####.##
###...### #.#
#..<# #.# #####
#.# #.# #.#


You could see 2 gnolls.

Vanquished Creatures
  2 gnolls
  A dart slug (D:2)
  5 giant cockroaches
  4 jackals
  3 ball pythons (D:1)
  2 bats (D:1)
  5 frilled lizards (D:1)
  A goblin (D:1)
  4 kobolds
  3 rats (D:1)
30 creatures vanquished.

Notes
Turn   | Place    | Note
-------+----------+-------------------------------------------
     0 | D:1      | Kazon the Hill Orc Fighter began the quest for the Orb.
     0 | D:1      | Reached XP level 1. HP: 19/19 MP: 1/1
    99 | D:1      | Reached XP level 2. HP: 27/27 MP: 2/2
   350 | D:1      | Reached XP level 3. HP: 31/33 MP: 3/3
   961 | D:2      | Slain by a gnoll

Illustrated notes

Levels and vault maps discovered:
D:1:      dpeg_arrival_tiny_f, layout_basic
D:2:      layout_loops_ring, dreamdust_ecumenical_altar_angels_and_demons,
          serial_shops, shop

Skill      XL: |  1  2 |
---------------+-------+-----
Axes           | 3 |  3.6
Fighting       | |  3.9
Armour         | |  3.8
Dodging        | |  0.3
Shields        | |  3.7

Action                   || total
-------------------------++-------
Melee: War axe           ||    87
  Use: Scroll            ||     1
Armor: Scale mail        ||    49
Dodge: Dodged            ||    44
Block: Buckler           ||    32

Table legend: (Time is in decaauts)
 A = Elapsed time spent in this place.
 B = Non-inter-level travel time spent in this place.
 C = Inter-level travel time spent in this place.
 D = Time resting spent in this place.
 E = Time spent auto-exploring this place.
 F = Levels seen in this place.
 G = Mean time per level.
                   A        B        C        D        E       F      G
               +--------+--------+--------+--------+--------+-----+--------+
         Total |    996 |    929 |     67 |    209 |    166 |   2 |  498.0 |
       Dungeon |    996 |    929 |     67 |    209 |    166 |   2 |  498.0 |
               +--------+--------+--------+--------+--------+-----+--------+

Top non-repeatable levels by time:
     D:1: 894 daAuts
     D:2: 101 daAuts
